[ AOE2 MATCH · #483248201 ]
1v1 RMCelts vs Huns
Player's team · WIN
Rival team · LOSS
[ REPLAY ANALYSIS · EXTRACTED FROM THE RECORDED GAME ]
Feudal
12:28
Castle
28:24
Imperial
44:42
| APM avg | 12.7 |
| APM peak | 38 |
| eAPM avg | 9.3 |
| Villagers / military | 68 / 141 |
Focus
⚔️ 36.0% · 🌾 64.0%
Spearman ×87 · Skirmisher ×27 · Battering Ram ×18 · Trebuchet (Packed) ×5 · Archer ×3 · Mangonel ×1
Feudal
11:24
Castle
18:52
Imperial
33:12
| APM avg | 15.7 |
| APM peak | 56 |
| eAPM avg | 7.8 |
| Villagers / military | 34 / 24 |
Focus
⚔️ 22.4% · 🌾 77.6%
Tarkan ×21 · Trebuchet (Packed) ×2 · Monk ×1
Match map
Initial resources + every placement click. Lines = walls · curves = elevation contours. ◆ gold · ⬟ stone · ● berries · ✦ relic · ◌ wall gap
Your base· ✓ Closed at 28:24 · 25t walls · 2 gate(s)
416472309's base· ✓ Closed at 18:52 · 0t walls · 3 gate(s)
Smoothed initial terrain · ◌ = detected wall gap · hover for details
Inputs per minute
— DrLegend - - 416472309
Build order — DrLegend
First 150 of 272 actions detected
| 0:03 | Create | Villager (Male) |
| 0:03 | Create | Villager (Male) |
| 0:04 | Create | Villager (Male) |
| 0:04 | Create | Villager (Male) |
| 0:05 | Build | House |
| 0:07 | Build | House |
| 2:11 | Create | Villager (Male) |
| 2:22 | Create | Villager (Male) |
| 2:22 | Create | Villager (Male) |
| 2:37 | Create | Villager (Male) |
| 2:37 | Create | Villager (Male) |
| 3:09 | Build | Lumber Camp |
| 3:14 | Create | Villager (Male) |
| 3:22 | Create | Villager (Male) |
| 3:47 | Create | Villager (Male) |
| 3:47 | Create | Villager (Male) |
| 4:09 | Create | Villager (Male) |
| 4:10 | Create | Villager (Male) |
| 4:46 | Build | House |
| 4:46 | Build | House |
| 5:20 | Create | Villager (Male) |
| 5:20 | Create | Villager (Male) |
| 5:20 | Create | Villager (Male) |
| 5:31 | Create | Villager (Male) |
| 5:42 | Build | Mill |
| 5:58 | Create | Villager (Male) |
| 6:30 | Create | Villager (Male) |
| 6:30 | Create | Villager (Male) |
| 8:28 | Research | Loom |
| 8:29 | Create | Villager (Male) |
| 9:11 | Build | Farm |
| 9:22 | Build | House |
| 9:23 | Build | House |
| 9:32 | Build | Mining Camp |
| 9:42 | Create | Villager (Male) |
| 10:18 | Research | Feudal Age |
| 10:49 | Build | Farm |
| 10:51 | Build | Farm |
| 10:54 | Build | Farm |
| 10:58 | Build | Farm |
| 11:01 | Build | Farm |
| 11:09 | Build | Farm |
| 11:09 | Build | Farm |
| 11:09 | Build | Farm |
| 11:09 | Build | Farm |
| 11:10 | Build | Farm |
| 12:01 | Create | Villager (Male) |
| 12:01 | Create | Villager (Male) |
| 12:28 | Age | Feudal Age |
| 12:29 | Research | Double-Bit Axe |
| 12:29 | Research | Double-Bit Axe |
| 12:31 | Research | Horse Collar |
| 12:59 | Build | Farm |
| 13:03 | Create | Villager (Male) |
| 13:03 | Create | Villager (Male) |
| 13:21 | Create | Villager (Male) |
| 13:22 | Create | Villager (Male) |
| 13:36 | Build | Farm |
| 13:51 | Build | Blacksmith |
| 13:55 | Build | Market |
| 14:06 | Build | Barracks |
| 14:10 | Build | Barracks |
| 14:14 | Build | Barracks |
| 14:17 | Build | Barracks |
| 14:20 | Build | Barracks |
| 14:21 | Build | Barracks |
| 14:21 | Build | Barracks |
| 14:22 | Build | Barracks |
| 14:22 | Build | Barracks |
| 14:22 | Build | Barracks |
| 14:22 | Build | Barracks |
| 14:23 | Build | Barracks |
| 14:23 | Build | Barracks |
| 14:23 | Build | Barracks |
| 14:24 | Build | Barracks |
| 14:24 | Build | Barracks |
| 14:24 | Build | Barracks |
| 14:25 | Build | Barracks |
| 14:25 | Build | Barracks |
| 14:25 | Build | Barracks |
| 14:26 | Build | Barracks |
| 14:26 | Build | Barracks |
| 14:26 | Build | Barracks |
| 14:27 | Build | Barracks |
| 14:27 | Build | Barracks |
| 14:31 | Build | Barracks |
| 14:47 | Research | Wheelbarrow |
| 14:49 | Create | Villager (Male) |
| 15:04 | Build | Farm |
| 15:13 | Research | Gold Mining |
| 15:40 | Create | Villager (Male) |
| 15:40 | Create | Villager (Male) |
| 15:46 | Research | Town Watch |
| 15:48 | Create | Villager (Male) |
| 15:57 | Create | Villager (Male) |
| 16:14 | Create | Villager (Male) |
| 16:14 | Create | Villager (Male) |
| 16:59 | Build | Farm |
| 17:37 | Build | House |
| 17:38 | Build | House |
| 17:39 | Build | House |
| 17:40 | Build | House |
| 17:43 | Build | House |
| 18:58 | Build | Farm |
| 19:11 | Create | Spearman |
| 19:11 | Create | Spearman |
| 19:11 | Create | Spearman |
| 19:12 | Create | Spearman |
| 19:19 | Create | Villager (Male) |
| 19:19 | Create | Villager (Male) |
| 19:21 | Create | Villager (Male) |
| 19:21 | Create | Villager (Male) |
| 19:22 | Create | Villager (Male) |
| 19:22 | Create | Villager (Male) |
| 19:22 | Create | Villager (Male) |
| 19:55 | Build | Farm |
| 20:09 | Create | Spearman |
| 20:09 | Create | Spearman |
| 20:09 | Create | Spearman |
| 20:13 | Build | House |
| 20:14 | Build | House |
| 20:15 | Build | House |
| 20:30 | Build | Archery Range |
| 20:31 | Build | Archery Range |
| 20:37 | Create | Spearman |
| 20:38 | Create | Spearman |
| 20:42 | Build | Farm |
| 21:00 | Build | Farm |
| 21:02 | Research | Stone Mining |
| 21:41 | Research | Padded Archer Armor |
| 21:41 | Research | Fletching |
| 21:42 | Research | Scale Mail Armor |
| 21:42 | Research | Forging |
| 21:52 | Build | Farm |
| 22:24 | Build | Farm |
| 22:48 | Build | Palisade Wall |
| 23:02 | Build | Palisade Wall |
| 23:14 | Create | Villager (Male) |
| 23:15 | Create | Villager (Male) |
| 23:15 | Create | Villager (Male) |
| 23:15 | Create | Villager (Male) |
| 23:16 | Create | Villager (Male) |
| 23:16 | Create | Villager (Male) |
| 23:22 | Build | Farm |
| 23:43 | Create | Skirmisher |
| 23:43 | Create | Skirmisher |
| 23:43 | Create | Skirmisher |
| 23:44 | Create | Archer |
| 23:44 | Create | Archer |
| 23:45 | Create | Archer |
Build order — 416472309
111 actions detected in the replay
| 0:35 | Create | Villager (Male) |
| 0:35 | Create | Villager (Male) |
| 0:36 | Create | Villager (Male) |
| 0:56 | Create | Villager (Male) |
| 1:42 | Build | Mill |
| 2:15 | Create | Villager (Male) |
| 2:51 | Create | Villager (Male) |
| 3:14 | Create | Villager (Male) |
| 3:37 | Create | Villager (Male) |
| 4:07 | Create | Villager (Male) |
| 4:26 | Create | Villager (Male) |
| 4:48 | Create | Villager (Male) |
| 5:11 | Create | Villager (Male) |
| 5:30 | Create | Villager (Male) |
| 5:44 | Build | Lumber Camp |
| 5:54 | Research | Loom |
| 6:12 | Create | Villager (Male) |
| 6:14 | Create | Villager (Male) |
| 7:09 | Build | Mining Camp |
| 7:20 | Create | Villager (Male) |
| 7:22 | Create | Villager (Male) |
| 8:05 | Build | Mining Camp |
| 9:14 | Research | Feudal Age |
| 10:24 | Build | Farm |
| 11:00 | Build | Farm |
| 11:09 | Build | Farm |
| 11:16 | Build | Farm |
| 11:24 | Age | Feudal Age |
| 11:26 | Research | Wheelbarrow |
| 11:54 | Create | Villager (Male) |
| 12:06 | Research | Double-Bit Axe |
| 12:41 | Build | Farm |
| 13:20 | Build | Blacksmith |
| 13:43 | Create | Villager (Male) |
| 14:38 | Build | Market |
| 14:55 | Build | Farm |
| 15:16 | Build | Farm |
| 15:33 | Build | Farm |
| 16:12 | Research | Castle Age |
| 18:52 | Age | Castle Age |
| 19:15 | Build | Castle |
| 20:08 | Build | University |
| 20:12 | Research | Fletching |
| 20:32 | Create | Tarkan |
| 21:29 | Build | Lumber Camp |
| 21:53 | Research | Bow Saw |
| 22:19 | Build | Farm |
| 22:26 | Build | Farm |
| 23:11 | Build | Mining Camp |
| 23:49 | Research | Gold Mining |
| 24:21 | Research | Horse Collar |
| 25:13 | Research | Hand Cart |
| 25:21 | Create | Villager (Male) |
| 25:22 | Create | Villager (Male) |
| 25:22 | Create | Villager (Male) |
| 25:38 | Research | Gold Shaft Mining |
| 26:16 | Research | Town Watch |
| 26:49 | Create | Tarkan |
| 28:25 | Build | Monastery |
| 28:32 | Research | Stone Mining |
| 30:02 | Research | Imperial Age |
| 30:36 | Research | Bodkin Arrow |
| 31:50 | Research | Murder Holes |
| 31:52 | Research | Ballistics |
| 32:06 | Create | Tarkan |
| 32:18 | Create | Monk |
| 33:12 | Age | Imperial Age |
| 33:20 | Create | Trebuchet (Packed) |
| 33:37 | Create | Villager (Male) |
| 33:37 | Create | Villager (Male) |
| 34:10 | Create | Trebuchet (Packed) |
| 34:32 | Create | Tarkan |
| 34:32 | Create | Tarkan |
| 34:55 | Create | Tarkan |
| 34:56 | Create | Tarkan |
| 35:20 | Create | Tarkan |
| 35:21 | Create | Tarkan |
| 36:31 | Research | Bracer |
| 37:17 | Create | Tarkan |
| 37:17 | Create | Tarkan |
| 37:45 | Research | Masonry |
| 37:53 | Create | Villager (Male) |
| 37:54 | Create | Villager (Male) |
| 37:54 | Create | Villager (Male) |
| 37:54 | Create | Villager (Male) |
| 38:29 | Create | Tarkan |
| 38:29 | Create | Tarkan |
| 39:38 | Build | Castle |
| 39:45 | Build | Farm |
| 40:27 | Research | Forging |
| 40:31 | Research | Scale Barding Armor |
| 40:41 | Create | Villager (Male) |
| 41:28 | Build | Farm |
| 41:30 | Create | Villager (Male) |
| 41:31 | Create | Villager (Male) |
| 41:58 | Research | Heavy Plow |
| 42:08 | Build | Farm |
| 42:13 | Create | Villager (Male) |
| 42:53 | Build | Farm |
| 43:35 | Create | Villager (Male) |
| 43:36 | Create | Villager (Male) |
| 44:04 | Create | Tarkan |
| 44:05 | Create | Tarkan |
| 44:05 | Create | Tarkan |
| 44:06 | Create | Tarkan |
| 44:08 | Create | Tarkan |
| 45:11 | Research | Two-Man Saw |
| 46:31 | Research | Iron Casting |
| 46:49 | Create | Tarkan |
| 46:49 | Create | Tarkan |
| 46:50 | Create | Tarkan |
Match timeline
| 11:24 | 416472309 · age_up feudal |
| 12:28 | DrLegend · age_up feudal |
| 14:06 | DrLegend · first_building Barracks |
| 18:52 | 416472309 · age_up castle |
| 19:15 | 416472309 · first_building Castle |
| 20:30 | DrLegend · first_building Archery Range |
| 21:20 | 416472309 · first_market_buy 100 wood |
| 22:48 | DrLegend · wall_segment Palisade Wall x10 |
| 23:02 | DrLegend · wall_segment Palisade Wall x7 |
| 27:16 | DrLegend · wall_segment Palisade Wall x3 |
| 28:15 | DrLegend · wall_segment Palisade Wall x5 |
| 28:24 | DrLegend · age_up castle |
| 28:25 | 416472309 · first_building Monastery |
| 28:29 | DrLegend · first_building Siege Workshop |
| 29:24 | 416472309 · first_market_sell 100 wood |
| 33:12 | 416472309 · age_up imperial |
| 39:50 | DrLegend · first_building Castle |
| 44:42 | DrLegend · age_up imperial |
| 48:04 | 416472309 · resign |
[ AI ANALYSIS · 1 CREDIT ]
What really happened in this match?
Wolo.gg analyzes every decision: build order, eco, micro, common mistakes by bracket. Personalized analysis on WhatsApp or Discord in 30 seconds.
Civ guide
Celts
Map guide
Arena
Perfil
Jugador #23960749